 Dungeon Crawl Stone Soup version 0.18.1-6-gd335043 (webtiles) character file.

695 mistymad the Skirmisher (level 7, -2/44 HPs)
             Began as a Gargoyle Fighter on May 20, 2016.
             Was an Initiate of Okawaru.
             Slain by an ogre
             ... wielding a +0 giant club
              (24 damage)
             ... on level 6 of the Dungeon.
             The game lasted 00:11:32 (4395 turns).

mistymad the Skirmisher (Gargoyle Fighter)          Turns: 4395, Time: 00:11:32

Health: -2/44      AC: 14    Str: 25    XL:     7   Next: 64%
Magic:  7/7        EV: 10    Int: 12    God:    Okawaru [......]
Gold:   130        SH: 10    Dex: 11    Spells: 0 memorised, 6 levels left

rFire  . . .     SeeInvis .     x - +2 flail (holy)
rCold  . . .     Gourm    +     D - +4 leather armour of Magic {Str+5 Int+4}
rNeg   + . .     Faith    .     c - +0 shield
rPois  ∞         Spirit   .     (no helmet)
rElec  +         Dismiss  .     a - +0 cloak
rCorr  .         Reflect  .     (no gloves)
SustAt .         Harm     .     F - +0 pair of boots
MR     .....                    y - amulet of the gourmand
Stlth  +.........               (no ring)
                                (no ring)

@: not resistant to hostile enchantments, very unstealthy
A: negative energy resistance 1, electricity resistance, unbreathing,
petrification resistance, rot immunity, AC +4
a: Renounce Religion


You were on level 6 of the Dungeon.
You worshipped Okawaru.
Okawaru was noncommittal.
You were completely stuffed.

You visited 2 branches of the dungeon, and saw 7 of its levels.

You collected 232 gold pieces.
You spent 102 gold pieces at shops.

Inventory:

Hand Weapons
 x - a +2 flail of holy wrath (weapon)
Armour
 a - a +0 cloak (worn)
 c - a +0 shield (worn)
 D - the +4 leather armour of Magic (worn) {Str+5 Int+4}
   (You found it on level 5 of the Dungeon)

   It affects your strength (+5).
   It affects your intelligence (+4).
 F - a +0 pair of boots (worn)
Jewellery
 y - an amulet of the gourmand (around neck)
 G - a +5 ring of dexterity {unknown}
Wands
 b - a wand of polymorph (19/24)
 C - a wand of iceblast (12/15)
Scrolls
 g - 2 scrolls of enchant weapon {unknown}
 h - a scroll of remove curse
 k - 3 scrolls of amnesia {unknown}
 o - 3 scrolls of teleportation
 p - 2 scrolls of noise
 r - 2 scrolls of random uselessness {unknown}
 u - 4 scrolls of identify
 w - a scroll of recharging {unknown}
 B - a scroll of fear {unknown}
 E - a scroll of immolation {unknown}
Potions
 d - 2 potions of might
 e - a potion of ambrosia {unknown}
 i - 2 potions of heal wounds {unknown}
 j - 2 potions of mutation {unknown}
 l - 2 potions of lignification {unknown}
 m - 6 potions of agility {unknown}
 s - a potion of haste {unknown}
 t - a potion of degeneration {unknown}
 v - a potion of cure mutation {unknown}
 z - a potion of curing {unknown}
Comestibles
 f - 6 bread rations
 n - 3 meat rations
 q - a slice of pizza
 A - a beef jerky


   Skills:
 + Level 5.3 Fighting
 + Level 3.8 Maces & Flails
 + Level 5.1 Armour
 + Level 2.5 Dodging
 + Level 5.3 Shields


You had 6 spell levels left.
You didn't know any spells.

Dungeon Overview and Level Annotations

Branches:
Dungeon (6/15)             Temple (1/1) D:5

Altars:
Ashenzari
Fedhas
Kikubaaqudgha
Nemelex Xobeh
Okawaru
Qazlal
Trog
Vehumet
Xom
Yredelemnul
Zin
The Shining One

Shops:
D:5 [?


Innate Abilities, Weirdness & Mutations

You are resistant to torment.
Your stone body is resilient (AC +4).
You are immune to poison.
You resist negative energy.
You are resistant to electric shocks.
You can survive without breathing.
You are immune to petrification.
You are immune to rotting.


Message History

Found 6 stones.
Found a shiny ivory wand and a white potion.
A hound comes into view.
The hound barks!
You sock the ogre!
The ogre is heavily wounded.
The giant cockroach bites you but does no damage.
The ogre barely misses you.
A quokka comes into view.
You sock the ogre!
The ogre is almost dead.
The giant cockroach barely misses you. The ogre hits you with a giant club!!
Ouch! That really hurt!
The giant cockroach closely misses you.
Your shield and leather armour of Magic prevent you from hitting the ogre.
The ogre is almost dead.
The giant cockroach bites you but does no damage.
The hound bites you but does no damage. The ogre hits you with a giant club!!
Ouch! That really hurt!
You die...

#........##.#
#........##.#
#.......<##.#
#.......###.#### #
#..............# .# #
#.....).#########.#.###
.......................
..#############......#
# ......O@.........
......hs(##.....#
....r....# !....#
.........# ....#
.........# .(..#
........./ ....
.........# ....
.!.......#


You could see an ogre, a hound, a quokka and a giant cockroach.

Vanquished Creatures
  A phantom (D:4)
  An ogre (D:4)
  2 hounds (D:5)
  A jelly (D:5)
  A giant frog skeleton (D:4)
  An orc priest (D:4)
  2 orc wizards
  Ijyb (D:2)
  Natasha (twice) (D:2)
  3 worker ants
  4 gnolls (D:5)
  4 adders
  2 worms
  2 dart slugs
  2 giant geckos
  16 orcs
  2 ball pythons (D:1)
  2 giant cockroaches
  4 goblins
  6 hobgoblins
  9 jackals
  4 kobolds
  2 quokkas
  6 bats
  2 giant newts
  A jackal skeleton (D:5)
  9 rats
92 creatures vanquished.

Notes
Turn   | Place    | Note
--------------------------------------------------------------
     0 | D:1      | mistymad the Gargoyle Fighter began the quest for the Orb.
     0 | D:1      | Reached XP level 1. HP: 14/14 MP: 1/1
    73 | D:1      | Reached XP level 2. HP: 17/19 MP: 2/2
   559 | D:1      | Reached XP level 3. HP: 24/24 MP: 3/3
   821 | D:2      | Noticed Ijyb
   848 | D:2      | Killed Ijyb
   848 | D:2      | Reached XP level 4. HP: 25/29 MP: 4/4
   930 | D:2      | Noticed Natasha
   942 | D:2      | Killed Natasha
   942 | D:2      | Reached skill level 1 in Dodging
  1160 | D:2      | Noticed Natasha
  1168 | D:2      | Killed Natasha
  1168 | D:2      | Reached XP level 5. HP: 26/33 MP: 5/5
  2295 | D:4      | Noticed an ogre
  2309 | D:4      | Killed an ogre
  2309 | D:4      | Reached XP level 6. HP: 10/39 MP: 6/6
  2650 | D:4      | Noticed a phantom
  2661 | D:4      | Killed a phantom
  2711 | D:4      | Reached XP level 7. HP: 39/44 MP: 7/7
  2740 | D:4      | Reached skill level 5 in Fighting
  2740 | D:4      | Reached skill level 5 in Shields
  3217 | D:5      | Entered Level 5 of the Dungeon
  3546 | D:5      | Found a staircase to the Ecumenical Temple.
  3603 | Temple   | Entered the Ecumenical Temple
  3717 | Temple   | Became a worshipper of Warmaster Okawaru
  3746 | D:5      | Got a jet-studded leather armour
  3757 | D:5      | Identified the +4 leather armour of Magic {Str+5 Int+4} (You found it on level 5 of the Dungeon)
  3790 | D:5      | Reached skill level 5 in Armour
  4031 | D:5      | Found Qelylibb's Armour Shop.
  4038 | D:5      | Bought a +0 pair of boots for 63 gold pieces
  4170 | D:5      | Found Oveixkoi's Magic Scroll Shop.
  4173 | D:5      | Bought a scroll of teleportation for 39 gold pieces
  4395 | D:6      | Slain by an ogre

Skill      XL: |  1  2  3  4  5  6  7 |
---------------+----------------------+-----
Fighting       | 4 5 |  5.3
Dodging        | 1 2 |  2.5
Shields        | 4 5 |  5.3
Armour         | 4 5 |  5.1
Maces & Flails | 3 |  3.8

Action                   |  1- 3 |  4- 6 |  7- 9 || total
-------------------------+-------+-------+-------++-------
Melee: Flail             |    98 |   178 |    94 ||   370
  Use: Potion            |       |     1 |       ||     1
       Scroll            |       |       |     3 ||     3
  Eat: Chunk             |       |     6 |    14 ||    20
Armor: Scale mail        |    50 |    75 |    36 ||   161
       Leather armour    |       |       |    15 ||    15
Dodge: Dodged            |    36 |    52 |    36 ||   124
Block: Shield            |    64 |    98 |    56 ||   218
